 Dungeon Crawl Stone Soup version 0.20.0-4-g10b340a (console) character file.

107 2d6 the Skirmisher (level 4, -1/40 HPs)
             Began as a Demonspawn Wanderer on May 28, 2017.
             Was an Initiate of Cheibriados.
             Slain by a gnoll
             ... wielding a +0 whip
              (2 damage)
             ... on level 2 of the Dungeon.
             The game lasted 00:11:09 (1446 turns).

2d6 the Skirmisher (Demonspawn Wanderer)            Turns: 1446, Time: 00:11:09

Health: -1/40      AC: 11    Str: 10 (11) XL:     4   Next: 56%
Magic:  3/10       EV: 16    Int: 13 (15) God:    Cheibriados [......]
Gold:   90         SH:  0    Dex: 20 (21) Spells: 11/12 levels left

rFire    . . .     SeeInvis .   d - +0 dagger
rCold    . . .     Gourm    .   (no shield)
rNeg     . . .     Faith    .   a - +2 scale mail
rPois    .         Spirit   .   (no helmet)
rElec    .         Reflect  .   o - +0 cloak
rCorr    .         Harm     .   j - +0 pair of gloves
MR       .....                  (no boots)
Stlth    ++........             (no amulet)
Regen    0.2/turn               (no ring)
MPRegen  0.2/turn               (no ring)

@: agile, about to teleport, drained, very slow
A: claws 1, spiny 1, rot immunity
a: Bend Time, Renounce Religion


You were on level 2 of the Dungeon.
You worshipped Cheibriados.
Cheibriados was noncommittal.
You were not hungry.

You visited 1 branch of the dungeon, and saw 2 of its levels.

You collected 90 gold pieces.

Inventory:

Hand Weapons
 d - a +0 dagger (weapon)
 k - a +0 hand axe
 p - a +0 mace
 s - a +0 dagger of draining
 t - a +0 hunting sling
Missiles
 g - 3 javelins (quivered)
 u - 39 stones
Armour
 a - a +2 scale mail (worn)
 j - a +0 pair of gloves (worn)
 o - a +0 cloak (worn)
Scrolls
 e - 3 scrolls of remove curse
 m - a scroll of identify
Potions
 h - a potion of haste
Books
 b - the Grimoire of the Volcanoes

   Spells                             Type                      Level
   a - Flame Tongue                   Conjuration/Fire             1
   b - Conjure Flame                  Conjuration/Fire             3
 c - Wicraril's Papyrus of Conjuration

   Spells                             Type                      Level
   a - Flame Tongue                   Conjuration/Fire             1
   b - Static Discharge               Conjuration/Air              3
Comestibles
 f - 3 bread rations


   Skills:
 + Level 5.7(5.6) Fighting
 + Level 5.1(5.0) Armour
 + Level 4.8(4.7) Dodging
 - Level 1.7 Stealth
 + Level 4.9 Spellcasting
 - Level 3.0(2.9) Conjurations
   Level 1.0(0.9) Hexes


You had 11 spell levels left.
You knew the following spells:

 Your Spells              Type           Power        Failure   Level  Hunger
a - Flame Tongue          Conj/Fire      #....        52%         1    None


Dungeon Overview and Level Annotations

Branches:
Dungeon (2/15)

Altars:
Cheibriados
Qazlal


Innate Abilities, Weirdness & Mutations

You have sharp fingernails.
You are partially covered in sharp spines.
You are immune to rotting.


Message History

Your Dodging skill gained 3 levels and is now at level 4!
Your Spellcasting skill gained 3 levels and is now at level 4!
You have reached level 4!
You feel agile.
Your demonic ancestry asserts itself...
Your fingernails lengthen.
The gnoll closely misses you.
You feel better. The gnoll closely misses you. The gnoll misses you.
It was a potion of agility.
You feel agile all of a sudden.
It was a potion of degeneration.
There was something very wrong with that liquid.
You feel weakened.
You feel dopey.
You feel clumsy. The gnoll barely misses you. The gnoll hits you with a whip.
* * * LOW HITPOINT WARNING * * *
As you read the scroll labeled QATIRI ARIMUZ, it crumbles to dust.
You feel strangely unstable.
It was a scroll of teleportation.
The gnoll hits you from afar with a halberd!
* * * LOW HITPOINT WARNING * * *
The gnoll hits you with a whip.
You die...

##. ###...
......
########......
#...@gg.....#.
#.####g.......
#.# #........
#.# ##.......#
#########.#
#.......##
#.........#
#.##...##
#.#######.#
#b# #..# #.#
#.# #.# ....
###.# #.# #.#
.####


You could see 3 gnolls.

Vanquished Creatures
  An adder (D:2)
  2 dart slugs (D:1)
  A worm (D:2)
  4 bats
  3 giant cockroaches
  6 goblins
  6 hobgoblins
  2 kobolds (D:2)
  A quokka (D:2)
  A ball python (D:1)
  4 frilled lizards
  2 rats (D:1)
33 creatures vanquished.

Notes
Turn   | Place    | Note
-------+----------+-------------------------------------------
     0 | D:1      | 2d6 the Demonspawn Wanderer began the quest for the Orb.
     0 | D:1      | 2d6 set off with: a +2 scale mail, the Grimoire of the Volcanoes, Wicraril's Papyrus of Conjuration, a +0 dagger, a bread ration
     0 | D:1      | Reached XP level 1. HP: 16/16 MP: 2/2
     0 | D:1      | Identified the Grimoire of the Volcanoes
     0 | D:1      | Identified Wicraril's Papyrus of Conjuration
     2 | D:1      | Learned a level 1 spell: Flame Tongue
    90 | D:1      | Gained mutation: You are partially covered in sharp spines. [demonic ancestry]
    90 | D:1      | Reached XP level 2. HP: 6/22 MP: 3/3
   862 | D:1      | Reached skill level 1 in Dodging
  1081 | D:2      | Gained mutation: You are immune to rotting. [demonic ancestry]
  1081 | D:2      | Reached XP level 3. HP: 26/28 MP: 5/5
  1245 | D:2      | Found a snail-covered altar of Cheibriados.
  1246 | D:2      | Found a stormy altar of Qazlal.
  1250 | D:2      | Became a worshipper of Cheibriados the Contemplative
  1441 | D:2      | HP: 1/28 [gnoll/halberd (8)]
  1442 | D:2      | Reached skill level 5 in Fighting
  1442 | D:2      | Reached skill level 5 in Armour
  1442 | D:2      | Gained mutation: You have sharp fingernails. [demonic ancestry]
  1442 | D:2      | Reached XP level 4. HP: 1/40 MP: 2/10
  1446 | D:2      | HP: 1/40 [gnoll/halberd (8)]
  1446 | D:2      | Slain by a gnoll

Skill      XL: |  1  2  3 |
---------------+----------+-----
Dodging        | 1 4 |  4.8
Armour         | 5 |  5.1
Fighting       | 5 |  5.7
Spellcasting   | 4 |  4.9
Stealth        | |  1.7
Conjurations   | |  3.0
Hexes          | |  1.0

Action                   |  1- 3 |  4- 6 || total
-------------------------+-------+-------++-------
Melee: Dagger            |   114 |       ||   114
Invok: Bend Time         |     1 |       ||     1
  Use: Potion            |     2 |     3 ||     5
       Scroll            |     2 |     1 ||     3
  Eat: Chunk             |     2 |       ||     2
Armor: Scale mail        |    55 |       ||    55
Dodge: Dodged            |    48 |     4 ||    52
